 Dungeon Crawl Stone Soup version 0.31-a0-188-g5e087ee2ca (webtiles) character file.

Game seed: 7752412670143578022

95 qw the Shooter (level 4, -5/25 HPs)
             Began as a Deep Elf Hunter on June 22, 2023.
             Slain by an ogre
             ... wielding a +0 giant club
              (30 damage)
             ... on level 4 of the Dungeon.
             The game lasted 00:00:30 (1520 turns).

qw the Shooter (Deep Elf Hunter)                    Turns: 1520, Time: 00:00:30

Health: -5/25      AC:  5    Str: 10    XL:     4   Next: 39%
Magic:  6/6        EV: 11    Int: 14    God:
Gold:   114        SH:  0    Dex: 18    Spells: 3/3 levels left

rFire   . . .        Y - +0 shortbow
rCold   . . .        (shield currently unavailable)
rNeg    . . .        b - +0 ring mail
rPois   .            (no helmet)
rElec   .            (no cloak)
rCorr   .            (no gloves)
SInv    .            (no boots)
Will    .....        (no amulet)
Stlth   +            (no ring)
HPRegen 0.24/turn    (no ring)
MPRegen 0.10/turn

%: no passive effects
@: no status effects
A: no striking features
a: no special abilities


You were on level 4 of the Dungeon.
You visited 1 branch of the dungeon, and saw 4 of its levels.

You collected 114 gold pieces.


   Skills:
 - Level 1.5 Fighting
 + Level 7.8 Ranged Weapons
 - Level 2.4 Dodging
 - Level 1.2 Stealth


You had 3 spell levels left.
You didn't know any spells.
Your spell library was empty.

Inventory:

Hand Weapons
 Y - a +0 shortbow (weapon)
Armour
 b - a +0 ring mail (worn)
Scrolls
 a - a scroll of identify
 c - a scroll of blinking {unknown}
Potions
 d - a potion of curing
 e - a potion of magic {unknown}
 g - a potion of heal wounds {unknown}

Dungeon Overview and Level Annotations

Branches:
Dungeon (4/15)
 Temple: D:4-7

Altars:
Xom

Annotations:
D:4 2 transporters


Message History

You shoot an arrow. The arrow hits the goblin!
You kill the goblin!
There is a stone staircase leading up here.
Things that are here:
a +0 club; a goblin corpse A sourceless malevolence fills the Dungeon...
You fall into a shaft and drop 1 floor!
The shaft crumbles and collapses.
Found a stone staircase leading down.
Waypoint 3 assigned to D:4.
c - a scroll labelled OMEAFA TAZAU
Found a wand of flame (13).
There is a stone staircase leading down here.
Found a scroll of fear.
You now have 114 gold pieces (gained 11).
There is a stone staircase leading down here.
A quokka and an ogre come into view.
Found a stone staircase leading down.
The ogre shouts!
You hear a shout! x3
A hobgoblin comes into view.
A gnoll comes into view. It is wielding a +0 club.
You shoot an arrow. The arrow closely misses the hobgoblin.
The gnoll shouts!
The hobgoblin shouts!
You shoot an arrow.
The arrow hits the ogre but does no damage.
An ogre comes into view. It is wielding a +0 giant club.
You shoot an arrow. The arrow hits the hobgoblin.
You kill the hobgoblin!
You shoot an arrow. The arrow hits the quokka.
The quokka is severely wounded.
You shoot an arrow. The arrow hits the quokka!
You kill the quokka!
You shoot an arrow. The arrow hits the ogre.
The ogre is lightly wounded.
The ogre closely misses you. The gnoll closely misses you.
A gnoll comes into view. It is wielding a +0 flail.
You shoot an arrow. The arrow hits the ogre!
The ogre is heavily wounded.
The ogre hits you with a +0 giant club!!
Ouch! That really hurt!
You die...

#......
#......
#......
>......
g......
..#....
......g######
.....OO@....#
.......####.#
.#....## #.#
.#.#....# #.#
##...###.# #.#
...^.....# #.#
#######..# #.#
#8.^.8#..###.#
#P./.P#......#


You could see 2 ogres and 2 gnolls.

Vanquished Creatures
  An iguana (D:2)
  2 adders (D:2)
  An adder skeleton (D:2)
  4 dart slugs
  A ball python (D:1)
  A bat skeleton (D:2)
  4 endoplasms
  5 giant cockroaches
  4 hobgoblins
  3 kobolds
  3 quokkas
  2 frilled lizards (D:2)
  3 goblins
  A jackal zombie (D:2)
  A quokka zombie (D:2)
  3 rats (D:1)
39 creatures vanquished.

Notes
Turn   | Place    | Note
-------+----------+-------------------------------------------
     0 | D:1      | qw the Deep Elf Hunter began the quest for the Orb.
     0 | D:1      | Reached XP level 1. HP: 12/12 MP: 3/3
     0 | D:1      | 0 ||| qw: Version: 0.3-a-9-g12657ce
     0 | D:1      | 0 ||| qw: Game counter: 2881
     0 | D:1      | 0 ||| qw: Always use a shield: true
     0 | D:1      | 0 ||| qw: God list: Okawaru
     0 | D:1      | 0 ||| qw: Allow faded altars: false
     0 | D:1      | 0 ||| qw: Do Orc after D:15 true
     0 | D:1      | 0 ||| qw: Do second Lair branch before Depths: true
     0 | D:1      | 0 ||| qw: Lair rune preference: random
     0 | D:1      | 0 ||| qw: Plans: Normal
     0 | D:1      | 0 ||| PLANNING D:1-11
    52 | D:1      | Reached XP level 2. HP: 16/16 MP: 4/4
    83 | D:1      | Reached skill level 6 in Ranged Weapons
   280 | D:1      | 280 ||| DROPPING scroll of butterflies.
   365 | D:2      | Found a shimmering altar of Xom.
   535 | D:2      | HP: 4/16 [poisoned by an adder]
   536 | D:2      | Reached XP level 3. HP: 5/20 MP: 5/5
   601 | D:2      | 601 ||| READING 2 scrolls labelled VUERASOSAB.
   609 | D:2      | 609 ||| STAIRDANCE
   823 | D:1      | Reached skill level 7 in Ranged Weapons
   976 | D:1      | 976 ||| UPGRADING to +0 ring mail.
   986 | D:1      | 986 ||| DROPPING +0 leather armour.
   987 | D:1      | 987 ||| READING scroll labelled UVVUATU CEEPU.
   988 | D:1      | 988 ||| READING 2 scrolls of identify.
   988 | D:1      | 988 ||| IDENTIFYING cyan potion
  1406 | D:3      | 1406 ||| STAIRDANCE
  1413 | D:2      | Reached XP level 4. HP: 14/25 MP: 6/6
  1472 | D:3      | You fall into a shaft and drop 1 floor!
  1489 | D:4      | Found a transporter.
  1494 | D:4      | Found a transporter.
  1513 | D:4      | Noticed an ogre
  1515 | D:4      | Noticed an ogre
  1520 | D:4      | Slain by an ogre

Levels and vault maps discovered:
D:1:      dpeg_arrival_round_c, layout_basic, minmay_worlds_worst_comb
D:2:      layout_loops_ring, serial_undead, serial_undead_c, serial_undead_a,
          serial_undead_a, serial_undead_b, serial_undead_b, serial_undead_a,
          basic_altar
D:3:      layout_loops_cross, mainiacjoe_overflow_24_doors,
          mainiacjoe_overflow_brackets, basic_ecumenical_altar,
          nicolae_hexahallways
D:4:      gammafunk_steamed_eel, layout_basic

Skill      XL: |  1  2  3 |
---------------+----------+-----
Ranged Weapons | 6 7 |  7.8
Fighting       | |  1.5
Dodging        | |  2.4
Stealth        | |  1.2

Action                     |  1- 3 |  4- 6 || total
---------------------------+-------+-------++-------
   Fire: Shortbow          |    99 |     8 ||   107
    Use: Scroll            |     3 |       ||     3
 Armour: Leather armour    |     9 |       ||     9
         Ring mail         |     3 |       ||     3
  Dodge: Dodged            |    32 |     2 ||    34

Table legend:
 A = Non-vault XP
 B = Vault XP
 C = Vault XP percentage of total XP
 D = Non-vault monster count
 E = Vault monster count
 F = Vault count percentage of total count
                 A         B        C        D         E       F
            +---------+---------+-------+---------+---------+-------
      Total |     119 |      17 |  12.5 |      31 |       8 |  20.5
            +---------+---------+-------+---------+---------+-------
        D:1 |      35 |       8 |  18.6 |      17 |       4 |  19.0
        D:2 |      78 |       9 |  10.3 |      11 |       4 |  26.7
        D:3 |       2 |       0 |   0.0 |       1 |       0 |   0.0
        D:4 |       4 |       0 |   0.0 |       2 |       0 |   0.0
            +---------+---------+-------+---------+---------+-------
